 Dungeon Crawl Stone Soup version 0.31-a0-1278-g11c5b68f87 (webtiles) character file.

Game seed: 2252058684323954614

5873 drugrobin the Basher (level 10, -3/74 HPs)
             Began as a Demigod Delver on Dec 18, 2023.
             Shot with an arrow by a centaur (9 damage)
             ... on level 9 of the Dungeon.
             The game lasted 00:27:36 (10881 turns).

drugrobin the Basher (Demigod Delver)              Turns: 10881, Time: 00:27:36

Health: -3/74      AC: 10    Str: 25    XL:     10   Next: 28%
Magic:  13/13      EV: 11    Int: 12    God:
Gold:   518        SH:  5    Dex: 15    Spells: 9/9 levels left

rFire   . . .        c - +4 hand axe of Balance {flame, rPois rN+ Will+}
rCold   + . .        (no shield)
rNeg    + . .        J - +0 swamp dragon scales
rPois   +            I - +2 hat
rElec   .            (no cloak)
rCorr   .            A - +0 pair of gloves
SInv    +            (no boots)
Will    ++...        x - amulet of reflection
Stlth   ++           F - ring of protection from cold
HPRegen 0.32/turn    K - ring of see invisible
MPRegen 0.13/turn

%: reflection
@: no status effects
A: high MP 1, forlorn, divine attributes
a: no special abilities


You were on level 9 of the Dungeon.
You visited 1 branch of the dungeon, and saw 9 of its levels.

You collected 518 gold pieces.

Inventory:

Hand Weapons
 a - a +2 whip of electrocution
 b - a +0 sling
 c - the +4 hand axe of Balance (weapon) {flame, rPois rN+ Will+}
   (You found it on level 3 of the Dungeon)

   rPois:     It protects you from poison rN+: It protects you from negative
   energy.
   Will+:     It increases your willpower.
 j - a +0 whip of freezing
 y - a +0 whip
 Q - the +4 mace of Demonkind {venom, rElec Dex-5 SInv}
   (You found it on level 9 of the Dungeon)

   Dex-5:     It affects your dexterity (-5).
   rElec:     It insulates you from electricity.
   SInv:      It lets you see invisible.
 S - a +1 war axe of flaming
Missiles
 i - 29 poisoned darts
 s - 2 silver javelins
 v - 11 boomerangs (quivered)
 D - 2 throwing nets
 M - a curare-tipped dart
Armour
 A - a +0 pair of gloves (worn)
 I - a +2 hat (worn)
 J - +0 swamp dragon scales (worn)
 N - a +0 robe of fire resistance
Jewellery
 x - an amulet of reflection (around neck)
 z - an amulet of guardian spirit
 F - a ring of protection from cold (left hand)
 H - a ring of wizardry
 K - a ring of see invisible (right hand)
Wands
 d - a wand of flame (16)
 e - a wand of iceblast (3)
 g - a wand of digging (9)
 B - a wand of mindburst (17)
 E - a wand of polymorph (9)
Scrolls
 l - a scroll of fog
 m - 2 scrolls of enchant armour {unknown}
 o - a scroll of brand weapon {unknown}
 p - 8 scrolls of identify {unknown}
 q - a scroll of silence {unknown}
 r - a scroll of torment {unknown}
 t - 5 scrolls of teleportation {unknown}
 C - 4 scrolls of noise {unknown}
 O - a scroll of blinking {unknown}
Potions
 f - 3 potions of haste
 h - a potion of brilliance {unknown}
 k - 3 potions of heal wounds {unknown}
 n - 2 potions of lignification {unknown}
 u - 2 potions of mutation {unknown}
 w - 3 potions of cancellation {unknown}
 G - 2 potions of degeneration {unknown}
 L - a potion of invisibility {unknown}
 P - 3 potions of berserk rage {unknown}
 R - a potion of might {unknown}


   Skills:
 - Level 2.6 Fighting
 + Level 13.9 Maces & Flails
 - Level 1.7 Dodging
 - Level 4.5 Stealth
 - Level 4.0 Evocations


You had 9 spell levels left.
You didn't know any spells.
Your spell library contained the following spells:

 Spells                   Type           Power      Damage    Failure   Level
 Apportation              Tloc           0%         N/A       45%         1
 Jinxbite                 Hex            0%         N/A       61%         2
 Lesser Beckoning         Tloc           0%         N/A       61%         2
 Static Discharge         Conj/Air       0%         3-3/arc   61%         2
 Gell's Gravitas          Tloc           0%         N/A       83%         3
 Stone Arrow              Conj/Erth      0%         3d7       83%         3
 Summon Guardian Golem    Hex/Summ       0%         N/A       83%         3
 Teleport Other           Tloc           0%         N/A       83%         3
 Airstrike                Air            0%         2d(0-16)  99%         4
 Animate Armour           Summ/Erth      0%         N/A       99%         4
 Summon Lightning Spire   Summ/Air       0%         N/A       99%         4
 Alistair's Intoxication  Tmut/Pois      0%         N/A       100%        5
 Orb of Destruction       Conj           0%         9d5       100%        7
 Spellforged Servitor     Conj/Summ      0%         N/A       100%        7
 Lehudib's Crystal Spear  Conj/Erth      0%         10d2      100%        8


Dungeon Overview and Level Annotations

Branches:
Dungeon (9/15)             Temple (0/1) D:5            Lair (0/5) D:8
    Orc: D:9-12

Shops:
D:2 (

Annotations:
D:4 exclusion: downstairs


Innate Abilities, Weirdness & Mutations

You have an increased reservoir of magic. (+10% MP)
You shall have no god before yourself.
Your divine heritage dramatically boosts your attributes as you level up.


Message History

Unknown command.
Unknown command.
Throw: 11 boomerangs
Press: ? - help, Q - select action, (/) - cycle Shift-Dir - straight line, f/p - centaur
Aim: a centaur, wielding a +0 shortbow (heavily wounded, 68% to hit)
You throw a boomerang. The centaur shouts!
The centaur shouts!
The boomerang hits the centaur.
The centaur is almost dead.
The centaur shoots an arrow.
The arrow hits you.
The centaur shoots an arrow.
The arrow hits you.
The centaur shoots an arrow.
The arrow hits you.
The centaur shoots an arrow.
The arrow hits you!
The centaur shoots an arrow.
You block the arrow with an invisible shield... and reflect it back!
The arrow hits the centaur.
The centaur shoots an arrow.
The arrow barely misses you.
Unknown command.
Unknown command.
Unknown command.
Throw: 11 boomerangs
Press: ? - help, Q - select action, (/) - cycle Shift-Dir - straight line, f/p - centaur
Aim: a centaur, wielding a +0 shortbow (almost dead, 68% to hit)
You throw a boomerang. The boomerang hits the centaur!
You kill the centaur!
The centaur shoots an arrow.
The arrow barely misses you.
The centaur shoots an arrow.
You block the arrow with an invisible shield... and reflect it back!
The arrow barely misses the centaur.
The centaur shoots an arrow.
The arrow hits you!
* * * LOW HITPOINT WARNING * * *
The centaur shoots an arrow.
The arrow hits you!
* * * LOW HITPOINT WARNING * * *
The centaur shoots an arrow.
The arrow misses you.
The centaur shoots an arrow.
The arrow hits you.
* * * LOW HITPOINT WARNING * * *
The centaur shoots an arrow.
The arrow barely misses you.
Your life force feels restored.
Unknown command.
The centaur shoots an arrow.
The arrow hits you!
You die...

.....#.........#.....#.#.#####...
.....#.........#.....#.#.#.......
.....+.........#.....#.###.......
.....#.........#######...........
..####...........................
..#..............................
..#..............................
..#..............................
..#.....).......@................
..#.......#######'############...
..#.).....#≈≈≈≈.......... #...
..#)######≈≈≈≈≈≈≈≈....... #...
..))..≈≈≈≈≈≈≈≈≈≈≈≈≈≈≈.... . #...
...≈≈≈≈≈≈≈≈≈≈≈≈≈≈≈≈≈≈≈≈≈. ..####
..≈≈≈≈≈≈≈≈≈≈≈≈≈cc≈≈≈≈≈≈≈≈ ....>.
..≈≈≈≈≈≈≈≈≈≈≈...ccc≈≈≈≈≈≈ ......
..≈≈≈≈≈≈≈≈≈≈........≈≈≈≈≈ ......


You could see 2 centaurs.

Vanquished Creatures
  Pikel (D:6)
  A blink frog (D:6)
  A wyvern (D:8)
  4 yaks (D:8)
  2 basilisks (D:8)
  5 steam dragons
  An acid dragon (D:9)
  2 orc warriors
  6 water moccasins
  A black bear (D:4)
  A wolf (D:4)
  3 centaurs
  A lemure (D:7)
  2 ogres
  3 kobold brigands
  2 bullfrogs (D:5)
  3 scorpions
  4 gnoll sergeants
  4 wights (D:7)
  A howler monkey (D:5)
  2 orc priests
  4 hounds
  4 iguanas
  2 jellies (D:5)
  5 sleepcaps
  7 orc wizards
  20 gnolls
  7 adders
  A shadow imp (D:6)
  8 ufetubi
  4 worms (D:2)
  4 dart slugs
  14 orcs
  12 ball pythons
  6 endoplasms
  2 giant cockroaches
  9 goblins
  5 hobgoblins
  7 jackals
  24 kobolds
  6 quokkas
  4 bats
  5 frilled lizards
  4 rats
214 creatures vanquished.

Notes
Turn   | Place    | Note
-------+----------+-------------------------------------------
     0 | D:5      | drugrobin the Demigod Delver began the quest for the Orb.
     0 | D:5      | Reached XP level 1. HP: 18/18 MP: 3/3
    29 | D:5      | Noticed a centaur
   223 | D:4      | Noticed an iguana
   292 | D:4      | Noticed an ogre
   293 | D:4      | Noticed a black bear
   358 | D:4      | Noticed a hound
   393 | D:3      | Reached skill level 2 in Maces & Flails
   523 | D:3      | Identified the +4 hand axe of Balance {flame, rPois rN+
                  | Will+}
   562 | D:3      | Reached XP level 2. HP: 18/25 MP: 4/4
   620 | D:3      | Reached skill level 3 in Maces & Flails
   756 | D:2      | Found Agoukh's Antique Weapon Boutique.
   841 | D:1      | Reached XP level 3. HP: 30/30 MP: 5/5
  1861 | D:2      | Reached skill level 4 in Maces & Flails
  1996 | D:2      | Reached XP level 4. HP: 37/37 MP: 6/6
  2720 | D:3      | Found a large runed translucent door.
  2720 | D:3      | Found a large runed translucent door.
  3167 | D:3      | Reached skill level 1 in Evocations
  3307 | D:4      | Reached XP level 5. HP: 42/42 MP: 7/7
  3338 | D:4      | Killed a black bear
  3339 | D:4      | Reached skill level 5 in Maces & Flails
  3734 | D:4      | Killed an ogre
  3735 | D:4      | Reached XP level 6. HP: 50/50 MP: 8/8
  3761 | D:4      | Noticed Eustachio
  3823 | D:4      | Eustachio changed into Eustachio the wolf
  3823 | D:4      | Noticed Eustachio
  3863 | D:4      | Killed Eustachio the wolf
  3969 | D:5      | Noticed a water moccasin
  4076 | D:5      | Found a staircase to the Ecumenical Temple.
  4260 | D:5      | Reached skill level 6 in Maces & Flails
  4378 | D:5      | Reached XP level 7. HP: 44/56 MP: 6/9
  4683 | D:5      | Reached skill level 7 in Maces & Flails
  5031 | D:6      | Noticed Maggie
  5059 | D:6      | Noticed a steam dragon
  5400 | D:6      | Maggie changed into Maggie the blink frog
  5400 | D:6      | Noticed Maggie
  5409 | D:6      | Killed Maggie the blink frog
  5410 | D:6      | Reached skill level 8 in Maces & Flails
  5410 | D:6      | Reached XP level 8. HP: 62/62 MP: 10/10
  5849 | D:6      | Reached skill level 9 in Maces & Flails
  5993 | D:7      | Noticed Pikel
  6018 | D:6      | Killed Pikel
  6019 | D:6      | Reached skill level 10 in Maces & Flails
  6258 | D:7      | Reached XP level 9. HP: 60/68 MP: 11/11
  6681 | D:7      | Reached skill level 11 in Maces & Flails
  7354 | D:8      | Reached skill level 12 in Maces & Flails
  7885 | D:8      | Found a staircase to the Lair.
  8340 | D:8      | Reached skill level 13 in Maces & Flails
  8355 | D:8      | Reached XP level 10. HP: 57/74 MP: 10/13
  9838 | D:9      | Identified the +4 mace of Demonkind {venom, rElec Dex-5
                  | SInv}
 10881 | D:9      | Shot with an arrow by a centaur

Illustrated notes

Levels and vault maps discovered:
D:1:      lemuel_arrival_lava_pool, layout_loops_corners,
          nicolae_ecumenical_snake_handling, serial_bayou_lake_a
D:2:      layout_basic, serial_shops, nicolae_shop_scrapyard, basic_altar,
          skrybe_limestone_x, dk_noncrumbling_3, kennysheep_big_empty_room,
          roderic_serpentine_path
D:3:      layout_basic, lemuel_crystal_altar, jmf_multi_god_temple2,
          gammafunk_temple_overflow_elements, minmay_misc_feat_columns
D:4:      layout_basic, fedhas_altar_2, uniq_eustachio
D:5:      layout_loops_ring, minmay_temple_entry_large_hall
D:6:      layout_rooms, mainiacjoe_overflow_alcove_1, hellmonk_no_cap,
          uniq_maggie
D:7:      layout_rooms, hangedman_decor_peaks_small, uniq_pikel
D:8:      layout_layer_cave, minmay_lair_entry_grove, corner_web_ring,
          reono_crystal_passage, kennysheep_generic_room_6
D:9:      layout_irregular_city, minmay_misc_feat_rows, centaur_isle

Skill      XL: |  1  2  3  4  5  6  7  8  9 |
---------------+----------------------------+-----
Maces & Flails | 2 3 4 5 6 8 10 13 | 13.9
Evocations     | 1 2 4 |  4.0
Fighting       | |  2.6
Dodging        | |  1.7
Stealth        | |  4.5

Action                     |  1- 3 |  4- 6 |  7- 9 | 10-12 || total
---------------------------+-------+-------+-------+-------++-------
  Melee: Mace              |    12 |       |       |       ||    12
         Hand axe          |    86 |   144 |   175 |     9 ||   414
         Punch             |     2 |       |     5 |     2 ||     9
         Whip              |       |       |   213 |   166 ||   379
   Fire: Sling             |       |     3 |       |     2 ||     5
  Throw: Dart              |     1 |     6 |    10 |       ||    17
         Javelin           |       |     3 |    12 |       ||    15
         Boomerang         |       |       |    20 |    22 ||    42
  Evoke: Wand              |     1 |     3 |     4 |     2 ||    10
    Use: Scroll            |     2 |       |       |       ||     2
   Stab: Sleeping          |     7 |       |     1 |       ||     8
         Distracted        |       |       |     1 |       ||     1
 Armour: Leather armour    |    24 |       |       |       ||    24
         Chain mail        |    35 |    57 |       |       ||    92
         Plate armour      |       |    80 |    99 |       ||   179
         Swamp dragon scal |       |       |   198 |   138 ||   336
  Dodge: Dodged            |    62 |    68 |   158 |    68 ||   356
  Block: Other             |       |       |       |    10 ||    10
         Reflection        |       |       |       |     8 ||     8

Table legend: (Time is in decaauts)
 A = Elapsed time spent in this place.
 B = Non-inter-level travel time spent in this place.
 C = Inter-level travel time spent in this place.
 D = Time resting spent in this place.
 E = Time spent auto-exploring this place.
 F = Levels seen in this place.
 G = Mean time per level.
                   A        B        C        D        E       F      G
               +--------+--------+--------+--------+--------+-----+--------+
         Total |  10779 |  10442 |    337 |   1365 |   6392 |   9 | 1197.7 |
       Dungeon |  10779 |  10442 |    337 |   1365 |   6392 |   9 | 1197.7 |
               +--------+--------+--------+--------+--------+-----+--------+

Top non-repeatable levels by time:
     D:8: 2176 daAuts
     D:9: 1388 daAuts
     D:5: 1167 daAuts
     D:6: 1101 daAuts
     D:4: 1095 daAuts
     D:1: 1030 daAuts
     D:2: 999 daAuts
     D:7: 991 daAuts
     D:3: 828 daAuts
